 Dungeon Crawl Stone Soup version 0.28.0-47-ge53b351184 (webtiles) character file.

Game seed: 13078341244295833773

31 Zeld the Chopper (level 3, 0/33 HPs)
             Began as a Hill Orc Monk on May 2, 2022.
             Slain by a jackal (1 damage)
             ... on level 2 of the Dungeon.
             The game lasted 00:01:17 (1272 turns).

Zeld the Chopper (Hill Orc Monk)                    Turns: 1272, Time: 00:01:17

Health: 0/33       AC:  2    Str: 15    XL:     3   Next: 22%
Magic:  3/3        EV: 12    Int: 10    God:
Gold:   14         SH:  0    Dex: 13    Spells: 2/2 levels left

rFire   . . .      SeeInvis .   a - +0 hand axe
rCold   . . .      Faith    .   (no shield)
rNeg    . . .      Spirit   .   b - +0 robe
rPois   .          Reflect  .   (no helmet)
rElec   .          Harm     .   (no cloak)
rCorr   .          Rampage  .   (no gloves)
Will    .....                   (no boots)
Stlth   ++........              (no amulet)
HPRegen 0.11/turn               (no ring)
MPRegen 0.08/turn               (no ring)

@: lethally poisoned (0 -> -1)
A: no striking features
a: no special abilities


You were on level 2 of the Dungeon.
You visited 1 branch of the dungeon, and saw 2 of its levels.

You collected 14 gold pieces.

Inventory:

Hand Weapons
 a - a +0 hand axe (weapon)
Armour
 b - a +0 robe (worn)
Wands
 k - a wand of paralysis (7)
Scrolls
 e - a scroll of identify {unknown}
 g - a scroll of vulnerability {unknown}
 h - 2 scrolls of fog {unknown}
 i - a scroll of teleportation {unknown}
Potions
 c - a potion of flight {unknown}
 d - a potion of invisibility {unknown}
 f - a potion of lignification {unknown}
 j - a potion of heal wounds {unknown}


   Skills:
 * Level 4.1 Fighting
 * Level 4.5 Axes
 + Level 0.6 Armour
 + Level 2.5 Dodging
 + Level 1.9 Stealth


You had 2 spell levels left.
You didn't know any spells.
Your spell library was empty.

Dungeon Overview and Level Annotations

Branches:
Dungeon (2/15)

Altars:

Shops:
D:2 [


Message History

You are frozen.
The hobgoblin hits you. The jackal closely misses you.
You are too injured to fight recklessly!
Unknown command.
You are too injured to fight recklessly!
You are too injured to fight recklessly!
You are too injured to fight recklessly!
You hit the adder.
The adder is moderately wounded.
You hit the hobgoblin.
You kill the hobgoblin!
You closely miss the jackal. You hit the jackal but do no damage.
You hit the endoplasm but do no damage.
You feel sick. The adder bites you.
The jackal bites you but does no damage.
The endoplasm barely misses you. The jackal completely misses you.
The jackal closely misses you. The adder bites you.
* * * LOW HITPOINT WARNING * * *
Unknown command.
You closely miss the adder.
The adder is moderately wounded.
You barely miss the jackal. You closely miss the jackal. You hit the endoplasm.
You kill the endoplasm!
You feel sick. The jackal closely misses you. The jackal bites you.
* * * LOW HITPOINT WARNING * * *
The adder barely misses you. The jackal bites you.
* * * LOW HITPOINT WARNING * * *
Unknown command.
You hit the adder.
The adder is heavily wounded.
You hit the jackal but do no damage. You closely miss the jackal.
* * * LOW HITPOINT WARNING * * *
You feel sick. The jackal barely misses you.
The adder bites you but does no damage. The jackal closely misses you. x2
The adder completely misses you.
Unknown command.
You hit the adder but do no damage.
The adder is heavily wounded.
You completely miss the jackal. You hit the jackal but do no damage.
* * * LOW HITPOINT WARNING * * *
You feel sick. The jackal bites you.
You die...

#...# ##### ##..#
....###########..#
................#
#...# #####.∩..# #...#
##...##
####...########.<..#
##...hh.............#
#....8@.#####.##.##.#
#.....†S.....^....##.#
#.8.<...######.##.##.#
#........ #.##.##.#
#.....8## ####.##.##.#
#.....# ...........#
.(.... ..#####.####
###### #.# #.#


You could see an adder and 2 jackals.

Vanquished Creatures
  A worm (D:2)
  3 endoplasms
  3 giant cockroaches
  3 goblins
  4 hobgoblins
  2 kobolds
  A ball python (D:1)
  3 bats
  2 frilled lizards
  2 rats (D:2)
24 creatures vanquished.

Notes
Turn   | Place    | Note
-------+----------+-------------------------------------------
     0 | D:1      | Zeld the Hill Orc Monk began the quest for the Orb.
     0 | D:1      | Reached XP level 1. HP: 19/19 MP: 1/1
   307 | D:1      | Reached XP level 2. HP: 16/27 MP: 2/2
  1135 | D:2      | Reached XP level 3. HP: 31/33 MP: 3/3
  1220 | D:2      | Found Hoodyf's Antique Armour Shop.
  1272 | D:2      | HP: 1/33 [poisoned by an adder]
  1272 | D:2      | Slain by a jackal

Illustrated notes

Levels and vault maps discovered:
D:1:      matt_arrival_grand_opening, layout_basic
D:2:      layout_loops_ring, serial_shops, shop, nicolae_diamond_shop,
          grunt_ministairs_1, minmay_tree_intersection, hangedman_decor_growths,
          minmay_fractal_squares_gapless_5

Skill      XL: |  1  2 |
---------------+-------+-----
Fighting       | 4 |  4.1
Axes           | |  4.5
Armour         | |  0.6
Dodging        | |  2.5
Stealth        | |  1.9

Action                   || total
-------------------------++-------
Melee: Hand axe          ||    78
       Punch             ||     2
 Stab: Sleeping          ||     6
Armor: Robe              ||    19
Dodge: Dodged            ||    61
